 Dungeon Crawl Stone Soup version 0.26-a0-547-g695e311587 (webtiles) character file.

Game seed: 3556499305118140538

(classic levelgen) 30 EnegeticOcto the Cutter (level 3, 0/19 HPs)
             Began as a Vine Stalker Fighter on Aug 20, 2020.
             Succumbed to a worker ant's poison
             ... on level 4 of the Dungeon.
             The game lasted 00:01:38 (286 turns).

EnegeticOcto the Cutter (Vine Stalker Fighter)       Turns: 286, Time: 00:01:38

Health: 0/19       AC:  6    Str: 19    XL:     3   Next: 20%
Magic:  4/4        EV:  7    Int:  8    God:
Gold:   21         SH:  0    Dex: 13    Spells: 2/2 levels left

rFire    . . .     SeeInvis .   a - +0 rapier
rCold    . . .     Faith    .   c - +0 kite shield
rNeg     . . .     Spirit   +   b - +0 scale mail
rPois    .         Reflect  .   (no helmet)
rElec    .         Harm     .   (no cloak)
rCorr    .                      (no gloves)
MR       .....                  (no boots)
Stlth    ..........             (no amulet)
HPRegen  0.06/turn              (no ring)
MPRegen  0.09/turn              (no ring)

@: confused, lethally poisoned (0 -> -16)
A: fangs 2, magic shield, antimagic bite, no potion heal 3, rot immunity
a: no special abilities


You were on level 4 of the Dungeon.
You visited 1 branch of the dungeon, and saw 4 of its levels.

You collected 21 gold pieces.

Inventory:

Hand Weapons
 a - a +0 rapier (weapon)
Armour
 b - a +0 scale mail (worn)
 c - a +0 kite shield (worn)
 k - a -1 chain mail
Scrolls
 f - 2 scrolls of identify {unknown}
 g - a scroll of fear {unknown}
 j - a scroll of magic mapping {unknown}
Potions
 d - a potion of might {@q3 !q}
 i - a potion of magic {unknown}
 l - a potion of curing {unknown}


   Skills:
 - Level 2.6 Fighting
 + Level 3.2 Short Blades
 - Level 2.4 Armour
 - Level 2.6 Shields


You had 2 spell levels left.
You didn't know any spells.
Your spell library was empty.

Dungeon Overview and Level Annotations

Branches:
Dungeon (4/15)
 Temple: D:4-7

Altars:


Innate Abilities, Weirdness & Mutations

You have extremely sharp teeth.
When hurt, damage is shared between your health and your magic reserves.
Your bite disrupts and absorbs the magic of your enemies.
Potions cannot restore your health.
You are immune to rotting.


Message History

You have reached level 3!
Your experience leads to an increase in your attributes!
Increase (s)trength, (i)ntelligence, or (d)exterity?
You feel stronger. The leopard gecko barely misses you.
The rat twitches its whiskers.
Your scale mail prevents you from hitting the leopard gecko.
The leopard gecko bites you but does no damage.
You puncture the leopard gecko!
You kill the leopard gecko!
You puncture the rat!
You kill the rat!
Things that are here:
a rat corpse; a leopard gecko corpse A leopard gecko and a rat come into view.
The leopard gecko hisses angrily.
Found 18 sling bullets.
Things that are here:
a rat corpse; a leopard gecko corpse You hit the leopard gecko.
Your bite misses the leopard gecko.
The leopard gecko is almost dead.
The leopard gecko bites you.
You hit the leopard gecko.
You kill the leopard gecko!
You hit the rat.
You kill the rat!
You see here a leopard gecko corpse.
A kobold comes into view. It is wielding a +0 dagger.
The kobold shouts!
As you open the door, it creaks loudly!
Found a scroll labeled HENAFI LUOSHRUO.
There is an open door here.
You closely miss the kobold. Your bite misses the kobold.
The kobold hits you but does no damage.
You hit the kobold.
You kill the kobold!
Found a shiny chain mail.
j - a scroll labeled HENAFI LUOSHRUO
Found a stone staircase leading down.
You see here a shiny chain mail.
k - a shiny chain mail You start removing your armour.
You continue taking off your +0 scale mail. x4
You finish taking off your +0 scale mail.
You start putting on your armour.
You continue putting on your shiny chain mail. x5
You finish putting on your cursed -1 chain mail.
Oops, that feels deathly cold.
Found a blue potion.
l - a blue potion
There is a stone staircase leading down here.
You climb downwards.
There is a stone staircase leading up here.
As you read the scroll labeled TERISY BASTOV, it crumbles to dust.
You feel as if something is helping you.
It was a scroll of remove curse.
Okay, then.
You start removing your armour.
You continue taking off your -1 chain mail. x4
You finish taking off your -1 chain mail.
You start putting on your armour.
You continue putting on your +0 scale mail. x5
You finish putting on your +0 scale mail.
A worker ant comes into view.
The worker ant twitches its antennae in your direction.
The worker ant moves out of view.
Found a copper ring.
A frilled lizard comes into view.
The frilled lizard hisses angrily.
You puncture the worker ant! Your bite misses the worker ant.
The worker ant is heavily wounded.
The worker ant bites you. You block the worker ant's attack.
You closely miss the worker ant. You bite the worker ant. You drain its power.
You feel invigorated.
The worker ant is severely wounded.
The worker ant bites you.
You are lethally poisoned!
The worker ant poisons you!
You completely miss the worker ant.
The worker ant is severely wounded.
You feel sick. The worker ant closely misses you.
You block the worker ant's attack.
You barely miss the worker ant.
The worker ant is severely wounded.
You feel sick. The worker ant bites you.
You hit the worker ant. Your bite misses the worker ant.
The worker ant is almost dead.
* * * LOW HITPOINT WARNING * * *
You feel sick. You block the worker ant's attack. The worker ant bites you.
* * * LOW HITPOINT WARNING * * *
You are more poisoned.
The worker ant poisons you!
You closely miss the worker ant.
The worker ant is almost dead.
* * * LOW HITPOINT WARNING * * *
You feel sick. The worker ant barely misses you.
It was a potion of ambrosia.
You are confused.
Your system rejects the healing.
You feel invigorated.
You die...

... ... #.# #.#
#.# #.#
#..#.##.#########
.....la@.........
#....###.......#
### #.####..# #.#
# #.# #.# #.# #<#
###


You could see a worker ant and a frilled lizard.

Vanquished Creatures
  An adder (D:2)
  2 leopard geckos (D:3)
  An orc (D:3)
  A ball python (D:1)
  2 bats
  A giant cockroach (D:1)
  A goblin (D:3)
  A frilled lizard (D:1)
  2 kobolds
  7 rats
19 creatures vanquished.

Notes
Turn   | Place    | Note
-------+----------+-------------------------------------------
     0 | D:1      | EnegeticOcto the Vine Stalker Fighter began the quest for
                  | the Orb.
     0 | D:1      | Reached XP level 1. HP: 11/11 MP: 2/2
    49 | D:1      | Reached skill level 2 in Short Blades
   104 | D:1      | Reached XP level 2. HP: 13/16 MP: 3/3
   200 | D:3      | Reached skill level 3 in Short Blades
   210 | D:3      | Reached XP level 3. HP: 10/19 MP: 2/4
   286 | D:4      | Succumbed to a worker ant's poison

Illustrated notes

Levels and vault maps discovered:
D:1:      sevenhm_arrival_forest_fort_large_1, layout_loops_ring
D:2:      layout_rooms
D:3:      layout_basic, minmay_pentomino_pile
D:4:      layout_basic, grunt_temple_overflow_open

Skill      XL: |  1  2 |
---------------+-------+-----
Short Blades   | 2 3 |  3.2
Fighting       | |  2.6
Armour         | |  2.4
Shields        | |  2.6

Action                   || total
-------------------------++-------
Melee: Rapier            ||    54
       Bite              ||     7
  Use: Scroll            ||     1
       Potion            ||     1
Armor: Scale mail        ||    13
Dodge: Dodged            ||    17
Block: Kite shield       ||    20

Table legend: (Time is in decaauts)
 A = Elapsed time spent in this place.
 B = Non-inter-level travel time spent in this place.
 C = Inter-level travel time spent in this place.
 D = Time resting spent in this place.
 E = Time spent auto-exploring this place.
 F = Levels seen in this place.
 G = Mean time per level.
                   A        B        C        D        E       F      G
               +--------+--------+--------+--------+--------+-----+--------+
         Total |    299 |    287 |     12 |      0 |      0 |   4 |   74.8 |
       Dungeon |    299 |    287 |     12 |      0 |      0 |   4 |   74.8 |
               +--------+--------+--------+--------+--------+-----+--------+

Top non-repeatable levels by time:
     D:1: 142 daAuts
     D:3: 98 daAuts
     D:2: 30 daAuts
     D:4: 27 daAuts
